 Dungeon Crawl Stone Soup version 0.25-a0-464-g3004169c2b (webtiles) character file.

Game seed: 2723666841214773204, levelgen mode: deterministic

4510 ICC the Thaumaturge (level 10, -5/49 HPs)
             Began as a Vine Stalker Gladiator on Feb 4, 2020.
             Was an Elder of Wu Jian.
             Slain by a crocodile (11 damage)
             ... on level 9 of the Dungeon.
             The game lasted 00:42:04 (6989 turns).

ICC the Thaumaturge (Vine Stalker Gladiator)        Turns: 6989, Time: 00:42:05

Health: -5/49      AC:  5    Str: 21    XL:     10   Next: 39%
Magic:  0/23       EV: 15    Int:  8    God:    Wu Jian [****..]
Gold:   576        SH:  8    Dex: 20    Spells: 25/25 levels left

rFire    . . .     SeeInvis .   y - +2 short sword (elec)
rCold    + . .     Gourm    .   D - +2 buckler
rNeg     . . .     Faith    .   L - +0 troll leather armour
rPois    .         Spirit   +   c - +1 helmet
rElec    .         Reflect  .   K - +1 cloak {+Inv}
rCorr    .         Harm     .   o - +0 pair of gloves
MR       +....                  (no boots)
Stlth    ++........             e - amulet of the acrobat
HPRegen  0.96/turn              p - ring of protection from cold
MPRegen  0.18/turn              w - +3 ring of protection

@: mighty, corroded
A: fangs 3, regeneration 1, magic shield, antimagic bite, no potion heal 3, rot
immunity
a: Wall Jump, Serpent's Lash, Renounce Religion, Evoke Invisibility


You were on level 9 of the Dungeon.
You worshipped Wu Jian.
Wu Jian was greatly pleased with you.
You were not hungry.

You visited 1 branch of the dungeon, and saw 9 of its levels.
You also visited: Sewer.

You collected 576 gold pieces.

Inventory:

Hand Weapons
 l - a +4 dagger of freezing
 y - a +2 short sword of electrocution (weapon)
Missiles
 g - 298 stones
 s - 23 poisoned darts (quivered)
 t - 7 curare-tipped darts
Armour
 a - a cursed +0 robe
 c - a +1 helmet (worn)
 n - a cursed +0 robe
 o - a +0 pair of gloves (worn)
 D - a +2 buckler (worn)
 K - a +1 cloak of invisibility (worn)
 L - a +0 troll leather armour (worn)
Jewellery
 e - an amulet of the acrobat (around neck)
 p - a ring of protection from cold (left hand)
 r - an uncursed ring of see invisible {unknown}
 w - a +3 ring of protection (right hand)
 P - a cursed ring of teleportation {unknown}
Wands
 x - a wand of iceblast (7)
 H - a wand of acid (19)
 M - a wand of flame (18)
 Q - a wand of paralysis (6)
Scrolls
 d - a scroll of enchant armour
 i - 2 scrolls of blinking
 j - 5 scrolls of identify
 m - a scroll of fear
 q - 4 scrolls of fog
 v - 5 scrolls of teleportation
 F - a scroll of magic mapping
 G - 2 scrolls of enchant weapon
 J - 3 scrolls of remove curse
Potions
 b - 4 potions of magic
 h - 2 potions of haste
 k - 2 potions of flight
 u - 4 potions of curing
 z - 2 potions of brilliance
 A - 2 potions of might
 B - a potion of agility
 C - a potion of cancellation
 E - 2 potions of ambrosia
 O - a potion of mutation {unknown}
 R - 4 potions of degeneration {unknown}
Miscellaneous
 N - a phial of floods
Comestibles
 f - 18 rations


   Skills:
 - Level 3.1 Fighting
 - Level 8.0 Short Blades
 - Level 2.0 Throwing
 + Level 4.6 Armour
 + Level 4.7 Dodging
 - Level 4.1 Shields
 - Level 8.0 Spellcasting


You had 25 spell levels left.
You didn't know any spells.
Your spell library was empty.

Dungeon Overview and Level Annotations

Branches:
Dungeon (9/15)             Temple (0/1) D:5           Sewer (visited)
   Lair: D:8-11         Orc: D:9-12

Altars:
Ashenzari
Cheibriados
Fedhas
Hepliaklqana
Kikubaaqudgha
Nemelex Xobeh
Ru
Vehumet
Wu Jian
Yredelemnul

Shops:
D:9 :


Innate Abilities, Weirdness & Mutations

You have razor-sharp teeth.
Your natural rate of healing is unusually fast.
When hurt, damage is shared between your health and your magic reserves.
Your bite disrupts and absorbs the magic of your enemies.
Potions cannot restore your health.
You are immune to rotting.


Message History

The acid dragon struggles against the net.
You feel very mighty all of a sudden. The acid dragon spits acid at you.
The splash of acid hits you.
* * * LOW HITPOINT WARNING * * *
You are splashed with acid!
* * * LOW HITPOINT WARNING * * *
The acid dragon struggles against the net.
You spin and attack the crocodile.
You hit the crocodile.
Lightning courses through the crocodile!
The crocodile is severely wounded.
You spin and attack the acid dragon repeatedly.
You catch the helpless acid dragon completely off-guard!
You puncture the acid dragon!
You bite the acid dragon, but do no damage.
The acid dragon is severely wounded.
You hit the acid dragon.
The acid dragon is severely wounded.
The crocodile bites you!
You die...

#### # #..## ### ###
.### ###.###.#
..##...#
#....####...#%...
#####.##.....#...
#####
####.##....D(.t....
.##.#
#.#.......@t.#....
....###........##.##
.
#..........##.#.###
#####.####.#..###
### ######


You could see 2 crocodiles and an acid dragon (caught).

Vanquished Creatures
  A two-headed ogre (D:9)
  2 trolls
  Grinder (D:4)
  A wyvern (D:9)
  An orc warrior (D:9)
  2 phantoms
  An eye of draining (D:8)
  An ice beast (D:7)
  A sky beast (D:5)
  2 ogres (D:3)
  4 centaurs
  4 big kobolds
  2 gnoll sergeants
  A bullfrog (D:9)
  A scorpion (D:4)
  3 wights (D:9)
  5 howler monkeys
  2 crimson imps (D:8)
  7 orc priests
  2 hounds
  3 jellies
  A bullfrog skeleton (D:9)
  A quasit (D:5)
  6 orc wizards
  An iguana (D:4)
  2 worker ants
  2 hound zombies
  A hound skeleton (D:6)
  12 adders
  8 gnolls
  8 river rats (Sewer)
  2 shadow imps
  An ooze (D:2)
  2 adder zombies
  An adder skeleton (D:7)
  7 worms
  3 dart slugs
  5 leopard geckos
  33 orcs
  4 bats
  8 giant cockroaches
  6 goblins
  8 hobgoblins
  12 jackals
  3 quokkas
  11 ball pythons
  2 frilled lizards
  26 kobolds
  A leopard gecko skeleton (D:4)
  26 rats
  A butterfly (D:5)
  A fungus (D:5)
252 creatures vanquished.

Notes
Turn   | Place    | Note
-------+----------+-------------------------------------------
     0 | D:1      | ICC the Vine Stalker Gladiator began the quest for the Orb.
     0 | D:1      | Reached XP level 1. HP: 11/11 MP: 2/2
   365 | D:1      | Reached XP level 2. HP: 12/15 MP: 2/4
   472 | D:1      | Reached skill level 1 in Spellcasting
   862 | D:2      | Reached XP level 3. HP: 11/18 MP: 5/5
  1047 | D:2      | Found a basalt altar of Yredelemnul.
  1317 | D:3      | Noticed an ogre
  1324 | D:3      | Killed an ogre
  1324 | D:3      | Gained mutation: Your natural rate of healing is unusually
                  | fast. [Vine Stalker growth]
  1324 | D:3      | Reached XP level 4. HP: 23/23 MP: 6/8
  1324 | D:3      | Reached XP level 5. HP: 27/27 MP: 6/9
  1368 | D:3      | Noticed a centaur
  1392 | D:3      | Killed a centaur
  1401 | D:3      | Reached XP level 6. HP: 17/32 MP: 8/11
  1625 | D:3      | Reached skill level 1 in Armour
  2239 | D:4      | Noticed Grinder
  2256 | D:4      | Paralysed by Grinder for 7 turns
  2272 | D:4      | Killed Grinder
  2272 | D:4      | Reached XP level 7. HP: 33/36 MP: 12/14
  2626 | D:4      | Found a hazy altar of Hepliaklqana.
  2645 | D:4      | Found a shattered altar of Ashenzari.
  2646 | D:4      | Found an ornate altar of the Wu Jian Council.
  2646 | D:4      | Found an ancient bone altar of Kikubaaqudgha.
  2653 | D:4      | Reached skill level 5 in Short Blades
  2668 | D:4      | Became a worshipper of the Wu Jian Council
  2961 | D:5      | Entered Level 5 of the Dungeon
  2968 | D:5      | Gained mutation: You have razor-sharp teeth. [Vine Stalker
                  | growth]
  2968 | D:5      | Reached XP level 8. HP: 38/40 MP: 14/16
  3065 | D:5      | Reached skill level 5 in Spellcasting
  3132 | D:5      | Reached * piety under Wu Jian
  3174 | D:5      | Found a glowing drain.
  3183 | Sewer    | Entered a sewer
  3332 | Sewer    | Reached ** piety under Wu Jian
  4019 | D:5      | Reached XP level 9. HP: 44/44 MP: 20/20
  4191 | D:5      | Found a staircase to the Ecumenical Temple.
  4244 | D:5      | Found a sacrificial altar of Ru.
  5189 | D:7      | Found a blossoming altar of Fedhas.
  5228 | D:7      | Noticed a troll
  5241 | D:7      | Killed a troll
  5241 | D:7      | Reached skill level 1 in Shields
  5329 | D:7      | Reached *** piety under Wu Jian
  5988 | D:8      | Found a radiant altar of Vehumet.
  6042 | D:8      | Found a snail-covered altar of Cheibriados.
  6067 | D:8      | Found a sparkling altar of Nemelex Xobeh.
  6570 | D:9      | Noticed a two-headed ogre
  6582 | D:9      | Killed a two-headed ogre
  6582 | D:9      | Reached XP level 10. HP: 31/49 MP: 18/23
  6597 | D:9      | Found Roeliros's Book Boutique.
  6607 | D:9      | Reached **** piety under Wu Jian
  6989 | D:9      | Slain by a crocodile

Levels and vault maps discovered:
D:1:      psy_arrival_basics, layout_loops_ring, minmay_door_square
D:2:      layout_rooms, yredelemnul_altar_generic
D:3:      wad_river_or_something, layout_basic, chequers_serial_rivers_micro_c
D:4:      layout_loops_ring, kennysheep_mini,
          chequers_temple_overflow_statue_of_worship, minmay_quadrilaterals,
          uniq_grinder
D:5:      layout_cave_pools, nicolae_ru_the_path_less_chosen,
          minmay_temple_entry_butterflies, portal_sewer_entry_e, first_ration
D:6:      layout_cave_pods
D:7:      layout_loops_ring, fedhas_bush_and_centaur_altar
D:8:      layout_loops_cross, nemelex_xobeh_ov_fountains_minmay,
          lemuel_crystal_altar, lemuel_round_altar
D:9:      layout_rooms, erik_lair_dragon, serial_shops, shop_fountains,
          blue_anna_alchemist [blue_anna_fruit_fields, blue_anna_fruit_fields]

Skill      XL: |  1  2  3  4  5  6  7  8  9 |
---------------+----------------------------+-----
Fighting       | 2 3 |  3.1
Spellcasting   | 1 2 4 6 8 |  8.0
Throwing       | 2 |  2.0
Short Blades   | 3 4 5 6 8 |  8.0
Dodging        | 3 4 |  4.7
Armour         | 2 3 4 |  4.6
Shields        | 4 |  4.1

Action                   |  1- 3 |  4- 6 |  7- 9 | 10-12 || total
-------------------------+-------+-------+-------+-------++-------
Melee: Rapier            |    92 |   122 |   288 |       ||   502
       Bite              |    27 |    44 |   162 |    16 ||   249
       Short sword       |       |       |   240 |    54 ||   294
Throw: Stone             |    31 |    15 |     7 |       ||    53
       Throwing net      |     1 |     4 |       |     1 ||     6
       Dart              |       |       |     7 |     1 ||     8
Invok: Lunge             |       |       |    46 |     5 ||    51
       Whirlwind         |       |       |    65 |    12 ||    77
       Wall Jump         |       |       |     6 |     2 ||     8
Evoke: Wand              |       |       |       |     1 ||     1
  Use: Scroll            |     5 |     1 |    11 |       ||    17
       Potion            |       |     4 |       |     1 ||     5
 Stab: Sleeping          |       |     1 |     2 |     1 ||     4
       Held in net/web   |       |     1 |       |     1 ||     2
       Distracted        |       |       |     1 |       ||     1
  Eat: Chunk             |     1 |     3 |    10 |     3 ||    17
       Ration            |       |       |     1 |       ||     1
Armor: Leather armour    |    28 |    18 |       |       ||    46
       Ring mail         |       |    12 |   133 |       ||   145
       Troll leather arm |       |       |    17 |     8 ||    25
Dodge: Dodged            |    54 |    77 |   233 |    20 ||   384
Block: Buckler           |       |       |    28 |    10 ||    38

Table legend:
 A = Non-vault XP
 B = Vault XP
 C = Vault XP percentage of total XP
 D = Non-vault monster count
 E = Vault monster count
 F = Vault count percentage of total count
                 A         B        C        D         E       F
            +---------+---------+-------+---------+---------+-------
      Total |    5092 |    1351 |  21.0 |     178 |      72 |  28.8
            +---------+---------+-------+---------+---------+-------
        D:1 |      33 |       0 |   0.0 |      21 |       0 |   0.0
        D:2 |      42 |       0 |   0.0 |      14 |       0 |   0.0
        D:3 |     300 |     152 |  33.6 |      22 |       9 |  29.0
        D:4 |     364 |     317 |  46.5 |      24 |       4 |  14.3
        D:5 |     769 |      17 |   2.2 |      30 |       8 |  21.1
        D:6 |     236 |       0 |   0.0 |      10 |       0 |   0.0
        D:7 |     595 |     115 |  16.2 |      16 |       1 |   5.9
        D:8 |     823 |       0 |   0.0 |      21 |       0 |   0.0
        D:9 |    1930 |     296 |  13.3 |      20 |       2 |   9.1
      Sewer |       0 |     454 | 100.0 |       0 |      48 | 100.0
            +---------+---------+-------+---------+---------+-------
